 Dungeon Crawl Stone Soup version 0.29.0-4-gdea44cf6ec (webtiles) character file.

Game seed: 14410020922092164292

118 qw the Caller (level 5, -1/41 HPs)
             Began as a Ghoul Summoner on Sept 9, 2022.
             Slain by Terence
             ... wielding a +0 hand axe
              (3 damage)
             ... on level 3 of the Dungeon.
             The game lasted 00:01:40 (4051 turns).

qw the Caller (Ghoul Summoner)                      Turns: 4051, Time: 00:01:40

Health: -1/41      AC:  8    Str: 14    XL:     5   Next: 2%
Magic:  6/6        EV:  6    Int: 10    God:
Gold:   248        SH:  0    Dex:  9    Spells: 6/7 levels left

rFire   . . .      SeeInvis .   i - +0 trident
rCold   + . .      Faith    .   (no shield)
rNeg    + + +      Spirit   .   d - +0 chain mail
rPois   inf        Reflect  .   (no helmet)
rElec   .          Harm     .   (no cloak)
rCorr   .          Rampage  .   (no gloves)
Will    .....                   (no boots)
Stlth   ..........              (no amulet)
HPRegen 0.00/turn               (no ring)
MPRegen 0.10/turn               (no ring)

@: inhibited regen
A: claws 1, cold resistance 1, negative energy resistance 3, inhibited
regeneration, torment resistance 2, devour on kill
a: no special abilities


You were on level 3 of the Dungeon.
You visited 1 branch of the dungeon, and saw 3 of its levels.

You collected 248 gold pieces.


Innate Abilities, Weirdness & Mutations

You are immune to poison.
You have sharp fingernails.
Your flesh is cold resistant. (rC+)
You are immune to negative energy. (rN+++)
You do not regenerate when monsters are visible.
You are immune to unholy pain and torment.
You thrive by killing the living.


   Skills:
 - Level 2.0 Fighting
 + Level 3.2 Axes
 - Level 1.1 Armour
 - Level 1.7 Dodging
 - Level 2.1 Stealth
 - Level 1.7 Spellcasting
 - Level 3.6 Summonings


You had 6 spell levels left.
You knew the following spells:

 Your Spells              Type           Power      Damage    Failure   Level
a - Summon Small Mammal   Summ           32%        N/A       91%         1

Your spell library contained the following spells:

 Spells                   Type           Power      Damage    Failure   Level
 Call Imp                 Summ           8%         N/A       97%         2
 Call Canine Familiar     Summ           8%         N/A       99%         3
 Summon Guardian Golem    Hex/Summ       4%         N/A       100%        3
 Summon Lightning Spire   Summ/Air       4%         N/A       100%        4

Inventory:

Hand Weapons
 i - a +0 trident (weapon)
Armour
 d - a +0 chain mail (worn)
Scrolls
 b - 3 scrolls of identify
 e - a scroll of vulnerability {unknown}
 f - a scroll of enchant weapon {unknown}
Potions
 a - a potion of mutation
 c - 2 potions of haste
 g - a potion of degeneration {unknown}
 h - 2 potions of curing {unknown}

Dungeon Overview and Level Annotations

Branches:
Dungeon (3/15)

Altars:
Dithmenos

Annotations:
D:3 Terence


Message History

Terence the Incautious comes into view.
He is wielding a +0 hand axe and wearing a +2 chain mail of poison resistance.
Terence shouts!
Reach: i) +0 trident
Press: ? - help, Dir - move target, f - Terence You hit Terence but do no damage.
Terence shouts, "Get ready for death!"
A dart slug comes into view.
4036 ||| Stepping ~*~*~tactically~*~*~ (hiding).
Terence attacks as you move away! Terence hits you with a +0 hand axe.
4037 ||| Stepping ~*~*~tactically~*~*~ (hiding).
Terence attacks as you move away! Terence hits you with a +0 hand axe.
You barely miss Terence. Terence hits you with a +0 hand axe.
You hit Terence but do no damage. Terence hits you but does no damage.
You hit Terence but do no damage. Terence barely misses you.
Terence completely misses you.
You hit Terence but do no damage. You claw Terence, but do no damage.
Terence hits you but does no damage.
4042 ||| Stepping ~*~*~tactically~*~*~ (hiding).
Terence attacks as you move away! Terence hits you with a +0 hand axe.
You hit Terence but do no damage. Terence hits you with a +0 hand axe.
You hit Terence but do no damage. You claw Terence, but do no damage.
Terence hits you but does no damage.
You barely miss Terence. Terence hits you with a +0 hand axe.
You closely miss Terence. Terence hits you with a +0 hand axe.
Terence barely misses you.
You hit Terence but do no damage. Terence hits you but does no damage.
You closely miss Terence. Terence hits you with a +0 hand axe.
You hit Terence but do no damage. Terence hits you with a +0 hand axe.
You hit Terence but do no damage. Terence hits you with a +0 hand axe.
You completely miss Terence. Terence hits you with a +0 hand axe.
You die...

### .w..## #..w###
#...## .. #..# ##
#..##### ##w# ...
#.....######@#
#..###. #.....#@.#
#..#..###.###...##
##.....##..#######
.............#
.........##..#
#..._...## #.##
........)##...#
........).....#
##.....##.....#


You could see Terence and a dart slug.

Vanquished Creatures
  4 adders (D:3)
  3 worms (D:2)
  12 bats
  5 endoplasms
  2 giant cockroaches (D:1)
  4 goblins
  4 hobgoblins
  2 quokkas
  11 ball pythons
  4 frilled lizards
  7 kobolds
  4 rats
62 creatures vanquished.

Vanquished Creatures (collateral kills)
  A dart slug (D:1)
  2 giant cockroaches (D:1)
  A goblin (D:1)
  2 hobgoblins (D:1)
  A bat (D:1)
  A frilled lizard (D:1)
  A rat (D:1)
9 creatures vanquished.

Grand Total: 71 creatures vanquished

Notes
Turn   | Place    | Note
-------+----------+-------------------------------------------
     0 | D:1      | qw the Ghoul Summoner began the quest for the Orb.
     0 | D:1      | Reached XP level 1. HP: 14/14 MP: 2/2
     0 | D:1      | 0 ||| qw: Version: 0.1-a-113-g051387a
     0 | D:1      | 0 ||| qw: Game counter: 7067
     0 | D:1      | 0 ||| qw: Always use a shield: true
     0 | D:1      | 0 ||| qw: God list: Okawaru
     0 | D:1      | 0 ||| qw: Allow faded altars: false
     0 | D:1      | 0 ||| qw: Do Orc after D:15 true
     0 | D:1      | 0 ||| qw: Do second Lair branch before Depths: true
     0 | D:1      | 0 ||| qw: Lair rune preference: random
     0 | D:1      | 0 ||| qw: Plans: Normal
     0 | D:1      | 0 ||| PLANNING D:1-11
    18 | D:1      | 18 ||| CASTING Summon Small Mammal
    19 | D:1      | 19 ||| CASTING Summon Small Mammal
   105 | D:1      | 105 ||| CASTING Summon Small Mammal
   106 | D:1      | 106 ||| CASTING Summon Small Mammal
   117 | D:1      | Reached skill level 1 in Axes
   220 | D:1      | 220 ||| Wielding weapon +0 club.
   223 | D:1      | 223 ||| CASTING Summon Small Mammal
   224 | D:1      | 224 ||| CASTING Summon Small Mammal
   321 | D:1      | 321 ||| CASTING Summon Small Mammal
   322 | D:1      | 322 ||| CASTING Summon Small Mammal
   367 | D:1      | 367 ||| CASTING Summon Small Mammal
   368 | D:1      | 368 ||| CASTING Summon Small Mammal
   379 | D:1      | 379 ||| CASTING Summon Small Mammal
   386 | D:1      | Reached skill level 1 in Fighting
   386 | D:1      | Reached XP level 2. HP: 21/23 MP: 0/3
   417 | D:1      | 417 ||| CASTING Summon Small Mammal
   418 | D:1      | 418 ||| CASTING Summon Small Mammal
   419 | D:1      | 419 ||| CASTING Summon Small Mammal
   429 | D:1      | 429 ||| CASTING Summon Small Mammal
   438 | D:1      | 438 ||| CASTING Summon Small Mammal
   584 | D:1      | 584 ||| CASTING Summon Small Mammal
   585 | D:1      | 585 ||| CASTING Summon Small Mammal
   586 | D:1      | 586 ||| CASTING Summon Small Mammal
   638 | D:1      | 638 ||| CASTING Summon Small Mammal
   639 | D:1      | 639 ||| CASTING Summon Small Mammal
   640 | D:1      | 640 ||| CASTING Summon Small Mammal
   692 | D:1      | 692 ||| CASTING Summon Small Mammal
   693 | D:1      | 693 ||| CASTING Summon Small Mammal
   694 | D:1      | 694 ||| CASTING Summon Small Mammal
   703 | D:1      | 703 ||| CASTING Summon Small Mammal
   706 | D:1      | 706 ||| Stepping ~*~*~tactically~*~*~ (outnumbered).
   828 | D:1      | 828 ||| CASTING Summon Small Mammal
   829 | D:1      | 829 ||| CASTING Summon Small Mammal
   830 | D:1      | 830 ||| CASTING Summon Small Mammal
   918 | D:1      | 918 ||| CASTING Summon Small Mammal
   919 | D:1      | 919 ||| CASTING Summon Small Mammal
   920 | D:1      | 920 ||| CASTING Summon Small Mammal
   929 | D:1      | 929 ||| CASTING Summon Small Mammal
  1086 | D:1      | 1086 ||| CASTING Summon Small Mammal
  1087 | D:1      | 1087 ||| CASTING Summon Small Mammal
  1088 | D:1      | 1088 ||| CASTING Summon Small Mammal
  1099 | D:1      | 1099 ||| CASTING Summon Small Mammal
  1109 | D:1      | 1109 ||| CASTING Summon Small Mammal
  1117 | D:1      | Reached XP level 3. HP: 18/28 MP: 0/4
  1262 | D:1      | 1262 ||| SWAPPING to +0 mace.
  1263 | D:1      | 1263 ||| CASTING Summon Small Mammal
  1264 | D:1      | 1264 ||| CASTING Summon Small Mammal
  1265 | D:1      | 1265 ||| CASTING Summon Small Mammal
  1266 | D:1      | 1266 ||| CASTING Summon Small Mammal
  1307 | D:1      | 1307 ||| DROPPING +0 club.
  1313 | D:1      | 1313 ||| CASTING Summon Small Mammal
  1314 | D:1      | 1314 ||| CASTING Summon Small Mammal
  1315 | D:1      | 1315 ||| CASTING Summon Small Mammal
  1316 | D:1      | 1316 ||| CASTING Summon Small Mammal
  1325 | D:1      | 1325 ||| CASTING Summon Small Mammal
  1368 | D:1      | 1368 ||| CASTING Summon Small Mammal
  1369 | D:1      | 1369 ||| CASTING Summon Small Mammal
  1370 | D:1      | 1370 ||| CASTING Summon Small Mammal
  1372 | D:1      | 1372 ||| CASTING Summon Small Mammal
  1440 | D:1      | 1440 ||| CASTING Summon Small Mammal
  1441 | D:1      | 1441 ||| CASTING Summon Small Mammal
  1442 | D:1      | 1442 ||| CASTING Summon Small Mammal
  1443 | D:1      | 1443 ||| CASTING Summon Small Mammal
  1519 | D:1      | 1519 ||| CASTING Summon Small Mammal
  1520 | D:1      | 1520 ||| CASTING Summon Small Mammal
  1521 | D:1      | 1521 ||| CASTING Summon Small Mammal
  1522 | D:1      | 1522 ||| CASTING Summon Small Mammal
  1530 | D:1      | 1530 ||| CASTING Summon Small Mammal
  1582 | D:1      | 1582 ||| CASTING Summon Small Mammal
  1583 | D:1      | 1583 ||| CASTING Summon Small Mammal
  1584 | D:1      | 1584 ||| CASTING Summon Small Mammal
  1585 | D:1      | 1585 ||| CASTING Summon Small Mammal
  1655 | D:1      | 1655 ||| CASTING Summon Small Mammal
  1656 | D:1      | 1656 ||| CASTING Summon Small Mammal
  1657 | D:1      | 1657 ||| CASTING Summon Small Mammal
  1658 | D:1      | 1658 ||| CASTING Summon Small Mammal
  1666 | D:1      | 1666 ||| CASTING Summon Small Mammal
  1732 | D:1      | 1732 ||| CASTING Summon Small Mammal
  1733 | D:1      | 1733 ||| CASTING Summon Small Mammal
  1734 | D:1      | 1734 ||| CASTING Summon Small Mammal
  1735 | D:1      | 1735 ||| CASTING Summon Small Mammal
  1782 | D:1      | 1782 ||| CASTING Summon Small Mammal
  1783 | D:1      | 1783 ||| CASTING Summon Small Mammal
  1784 | D:1      | 1784 ||| CASTING Summon Small Mammal
  1785 | D:1      | 1785 ||| CASTING Summon Small Mammal
  1885 | D:1      | 1885 ||| CASTING Summon Small Mammal
  1886 | D:1      | 1886 ||| CASTING Summon Small Mammal
  1887 | D:1      | 1887 ||| CASTING Summon Small Mammal
  1888 | D:1      | 1888 ||| CASTING Summon Small Mammal
  2036 | D:1      | 2036 ||| UPGRADING to +0 chain mail.
  2046 | D:1      | 2046 ||| DROPPING +0 robe.
  2047 | D:1      | 2047 ||| READING scroll labelled CEFOAH LE HEZA.
  2048 | D:1      | 2048 ||| READING scroll labelled EJEMEW FAWKAL.
  2049 | D:1      | 2049 ||| DROPPING potion of magic.
  2162 | D:2      | Found a faded altar of an unknown god.
  2602 | D:2      | Reached XP level 4. HP: 22/36 MP: 5/5
  3355 | D:2      | 3355 ||| READING 4 scrolls labelled QOET ARYKHLY.
  3356 | D:2      | 3356 ||| READING scroll labelled LOOPNO SARE.
  3360 | D:2      | 3360 ||| READING scroll labelled MOSSAEW WURERCHO.
  3361 | D:2      | 3361 ||| READING 3 scrolls of identify.
  3361 | D:2      | 3361 ||| IDENTIFYING yellow potion
  3362 | D:2      | 3362 ||| READING 2 scrolls of identify.
  3362 | D:2      | 3362 ||| IDENTIFYING fizzy red potion
  3417 | D:3      | 3417 ||| Stepping ~*~*~tactically~*~*~ (stealth).
  3422 | D:3      | 3422 ||| Stepping ~*~*~tactically~*~*~ (stealth).
  3463 | D:3      | Reached skill level 3 in Axes
  3666 | D:3      | Reached skill level 1 in Armour
  3871 | D:3      | Reached XP level 5. HP: 39/41 MP: 6/6
  3984 | D:3      | Found a shadowy altar of Dithmenos.
  3997 | D:3      | 3997 ||| Stepping ~*~*~tactically~*~*~ (hiding).
  4009 | D:3      | 4009 ||| SWAPPING to +0 trident.
  4010 | D:3      | 4010 ||| DROPPING +0 mace.
  4030 | D:3      | Noticed Terence
  4036 | D:3      | 4036 ||| Stepping ~*~*~tactically~*~*~ (hiding).
  4037 | D:3      | 4037 ||| Stepping ~*~*~tactically~*~*~ (hiding).
  4042 | D:3      | 4042 ||| Stepping ~*~*~tactically~*~*~ (hiding).
  4049 | D:3      | HP: 6/41 [Terence/+0 hand axe (6)]
  4050 | D:3      | HP: 2/41 [Terence/+0 hand axe (4)]
  4051 | D:3      | Slain by Terence

Levels and vault maps discovered:
D:1:      elethiomel_arrival_quiet, layout_loops_ring, minmay_split_cup_large
D:2:      layout_basic, ebering_ecumenical_altar_webs,
          kennysheep_generic_room_10
D:3:      layout_rooms, nicolae_dithmenos_shadow_blocks, uniq_terence

Skill      XL: |  1  2  3  4 |
---------------+-------------+-----
Axes           | 1 2 3 |  3.2
Fighting       | 1 2 |  2.0
Armour         | 1 |  1.1
Dodging        | |  1.7
Stealth        | |  2.1
Spellcasting   | |  1.7
Summonings     | |  3.6

Action                   |  1- 3 |  4- 6 || total
-------------------------+-------+-------++-------
Melee: Unarmed           |     7 |       ||     7
       Club              |    66 |       ||    66
       Mace              |    71 |   125 ||   196
       Punch             |     1 |     2 ||     3
       Trident           |       |    14 ||    14
 Cast: Summon Small Mamm |    74 |       ||    74
  Use: Scroll            |     2 |     5 ||     7
Armor: Robe              |    20 |       ||    20
       Chain mail        |    29 |   124 ||   153
Dodge: Dodged            |    94 |    45 ||   139

Table legend:
 A = Non-vault XP
 B = Vault XP
 C = Vault XP percentage of total XP
 D = Non-vault monster count
 E = Vault monster count
 F = Vault count percentage of total count
                 A         B        C        D         E       F
            +---------+---------+-------+---------+---------+-------
      Total |     159 |      10 |   5.9 |      66 |       5 |   7.0
            +---------+---------+-------+---------+---------+-------
        D:1 |      46 |       8 |  14.8 |      28 |       4 |  12.5
        D:2 |      41 |       2 |   4.7 |      21 |       1 |   4.5
        D:3 |      72 |       0 |   0.0 |      17 |       0 |   0.0
            +---------+---------+-------+---------+---------+-------
